Map: Orbital Shipyard

Players

Miszu

  • Race: Terran Terran
  • League: Master

neverdieTRX - Winner!

  • Race: Terran Terran
  • League: Master

VOD

Have the link to the VOD?

Description

Time

  • Played on: March 25, 2016, 2:38 p.m.
  • Length: 3:27
Show
View Real Time Build Order
Export as new Build Order

Miszu Terran 

Build Orders:  

Get SALT Encoding   

  12  0:01  SCV  
  13  0:13  SCV  
  14  0:17  Supply Depot  
  14  0:25  SCV  
  15  0:39  SCV  
  15  0:42  Barracks  
  16  0:44  Refinery  
  16  0:51  SCV  
  17  1:03  SCV  
  18  1:15  SCV  
  19  1:31  Orbital Command  
  19  1:32  Barracks Reactor  
  19  1:39  Command Center  
  19  1:51  Supply Depot  
  19  1:58  SCV  
  20  2:08  Factory  
  20  2:09  Marine x2  
  20  2:11  SCV  
  20  2:14  Refinery  
  23  2:23  SCV  
  23  2:27  Marine x2  
  26  2:35  SCV  
  27  2:46  Marine x2  
  27  2:47  SCV  
  27  2:51  Orbital Command  
  30  2:53  Starport  
  30  2:59  SCV  
  30  3:03  Factory Tech Lab  
  29  3:11  SCV  
Show
View Real Time Build Order
Export as new Build Order

neverdieTRX Terran - Winner!

Build Orders: 1/1/1 

Get SALT Encoding   

  12  0:01  SCV  
  13  0:14  SCV  
  14  0:18  Supply Depot  
  14  0:25  Refinery  
  14  0:27  SCV  
  15  0:40  SCV  
  16  0:46  Barracks  
  16  0:52  SCV  
  17  0:58  Refinery  
  17  1:04  SCV  
  18  1:16  SCV  
  19  1:28  SCV  
  20  1:34  Factory  
  20  1:35  Reaper  
  21  1:40  Orbital Command  
  21  1:49  Supply Depot  
  21  2:07  Reaper, SCV  
  23  2:18  Hellion  
  23  2:19  SCV  
  23  2:21  Starport  
  26  2:30  Supply Depot  
  26  2:32  SCV  
  27  2:39  Hellion, Reaper  
  30  2:47  SCV  
  31  2:54  Supply Depot  
  31  2:59  Starport Tech Lab  
  31  3:01  Hellion  
Tags
 
Add a new tag
Caveats
  • Supply blocks, unpowered buildings, or Contaminate may cause inaccurate times.
  • Supply counts are checked every 10 seconds.